 Dungeon Crawl Stone Soup version 0.19.1 (webtiles) character file.

289 Firecrotchwizard the Covered (level 6, -11/43 HPs)
             Began as a Halfling Fighter on Nov 26, 2016.
             Was an Initiate of Okawaru.
             Mangled by Sigmund
             ... wielding a +0 scythe
              (14 damage)
             ... on level 3 of the Dungeon.
             The game lasted 00:11:39 (3083 turns).

Firecrotchwizard the Covered (Halfling Fighter)     Turns: 3083, Time: 00:11:39

Health: -11/43     AC:  9    Str: 18    XL:     6   Next: 57%
Magic:  6/6        EV: 14    Int:  6    God:    Okawaru [......]
Gold:   120        SH:  0    Dex: 15    Spells: 0 memorised, 5 levels left

rFire  . . .     SeeInvis .     a - +0 long sword
rCold  . . .     Gourm    .     b - +0 scale mail
rNeg   . . .     Faith    .     c - +0 shield
rPois  .         Spirit   .     t - +0 helmet
rElec  .         Reflect  .     (no cloak)
rCorr  .         Harm     .     q - +0 pair of gloves (curse)
MR     .....                    (no boots)
Stlth  ..........               (no amulet)
                                (no ring)
                                e - +5 ring of evasion

@: confused
A: mutation resistance 1
a: Renounce Religion


You were on level 3 of the Dungeon.
You worshipped Okawaru.
Okawaru was noncommittal.
You were hungry.

You visited 2 branches of the dungeon, and saw 5 of its levels.

You collected 120 gold pieces.

Inventory:

Hand Weapons
 a - a +0 long sword (weapon)
 k - a +0 hunting sling
Missiles
 s - 31 sling bullets (quivered)
Armour
 b - a +0 scale mail (worn)
 c - a +0 shield (worn)
 q - a cursed +0 pair of gloves (worn)
 t - a +0 helmet (worn)
Jewellery
 e - a +5 ring of evasion (left hand)
Scrolls
 g - a scroll of blinking {unknown}
 j - 2 scrolls of teleportation
 o - 3 scrolls of identify {unknown}
 p - a scroll of fear {unknown}
 r - a scroll of magic mapping {unknown}
 y - a scroll of amnesia {unknown}
Potions
 d - a potion of heal wounds {unknown}
 h - a potion of brilliance {unknown}
 i - a potion of flight {unknown}
 n - 2 potions of lignification {unknown}
 u - a potion of curing {unknown}
 v - a potion of ambrosia {unknown}
Comestibles
 f - a bread ration
 l - 2 meat rations
 m - a slice of pizza
 w - a chunk of flesh
 x - a beef jerky


   Skills:
 * Level 4.2 Fighting
 * Level 3.8 Long Blades
 + Level 4.5 Armour
 + Level 4.1 Shields


You had 5 spell levels left.
You didn't know any spells.

Dungeon Overview and Level Annotations

Branches:
Dungeon (4/15)             Temple (1/1) D:4

Altars:
Ashenzari
Cheibriados
Dithmenos
Elyvilon
Okawaru
Qazlal
Ru
Uskayaw
Zin

Annotations:
D:3 Sigmund


Innate Abilities, Weirdness & Mutations

You are small and have problems with some larger weapons.
You are somewhat resistant to further mutation.


Message History

You hear a shout! x2
There is a large open door, spattered with blood here.
You see here a halberd.
The goblin misses you.
You riposte.
You slash the goblin!
You kill the goblin!
Okawaru accepts your kill.
Your surroundings suddenly seem different.
Sigmund shouts!
You hear a shout!
Sigmund points at you and mumbles some strange words.
You are confused.
You enter the shallow water.
Moving in this stuff is going to be slow.
Sigmund gestures at you while chanting. You resist with some effort.
You nearly stumble into some deep water!
You nearly stumble into some deep water!
Sigmund drinks a potion.
Sigmund seems to grow stronger.
Sigmund barely misses you. Sigmund hits you with a scythe!
You die...

#........ ########. #.# .. .. #.
#.#
#######...##.########.###########
.hg.............@................
≈gh≈≈≈≈≈≈≈....≈@≈≈≈≈≈≈≈≈≈≈≈≈≈≈≈≈≈
≈≈≈≈≈≈≈≈≈≈....≈≈≈≈≈≈≈≈≈≈≈≈≈≈≈≈≈≈≈
≈≈≈≈≈≈≈≈≈≈....≈≈≈≈≈≈≈≈≈≈≈≈#####≈≈
...................?...[..#ggg#≈≈
##########''''#############...#≈≈
#.... #+###≈≈ +.... #.≈≈≈ ..
#.≈≈≈


You could see Sigmund.

Vanquished Creatures
  The ghost of nsmryan the Insei, an amateur MfTm (D:3)
  2 worker ants (D:4)
  5 gnolls
  5 adders
  A worm (D:2)
  3 dart slugs
  A leopard gecko (D:2)
  3 orcs
  2 ball pythons
  2 giant cockroaches
  6 goblins
  4 hobgoblins
  5 jackals (D:3)
  7 kobolds
  A quokka (D:2)
  12 bats
  A frilled lizard (D:3)
  4 rats
65 creatures vanquished.

Notes
Turn   | Place    | Note
-------+----------+-------------------------------------------
     0 | D:1      | Firecrotchwizard the Halfling Fighter began the quest for the Orb.
     0 | D:1      | Reached XP level 1. HP: 15/15 MP: 1/1
    96 | D:1      | Reached XP level 2. HP: 3/20 MP: 2/2
   677 | D:1      | Reached XP level 3. HP: 22/26 MP: 3/3
  1371 | D:2      | Reached XP level 4. HP: 26/31 MP: 4/4
  2389 | D:3      | Noticed nsmryan's ghost (amateur MfTm)
  2399 | D:3      | Killed nsmryan's ghost
  2399 | D:3      | Reached XP level 5. HP: 27/37 MP: 5/5
  2550 | D:3      | Found a white marble altar of Elyvilon.
  2550 | D:3      | Noticed Sigmund
  2587 | D:4      | Found a staircase to the Ecumenical Temple.
  2598 | D:4      | Reached XP level 6. HP: 36/43 MP: 6/6
  2695 | Temple   | Entered the Ecumenical Temple
  2725 | Temple   | Became a worshipper of Warmaster Okawaru
  3074 | D:3      | HP: 2/43 [gnoll/club (4)]
  3083 | D:3      | Mangled by Sigmund

Skill      XL: |  1  2  3  4  5  6 |
---------------+-------------------+-----
Fighting       | 3 4 |  4.2
Armour         | 4 |  4.5
Long Blades    | 3 |  3.8
Shields        | 4 |  4.1

Action                   |  1- 3 |  4- 6 || total
-------------------------+-------+-------++-------
Melee: Long sword        |    75 |   186 ||   261
 Fire: Hunting sling     |       |     5 ||     5
  Use: Potion            |       |     1 ||     1
       Scroll            |       |     3 ||     3
  Eat: Chunk             |     1 |     6 ||     7
Armor: Scale mail        |    38 |    67 ||   105
Dodge: Dodged            |    43 |   170 ||   213
Block: Shield            |    39 |   154 ||   193
       Rpst.: Long sword |    17 |    60 ||    77
